Map: Galactic Process LE

Players

Amix

  • Race: Zerg Zerg
  • League: Platinum
  • Spawn Location: 7:00

LeXioN - Winner!

  • Race: Terran Terran
  • League: Diamond
  • Spawn Location: 1:00

VOD

Have the link to the VOD?

Description

Time

  • Played on: Nov. 16, 2016, 5:22 p.m.
  • Length: 8:52
Show
View Real Time Build Order
Export as new Build Order

Amix Zerg 

Build Orders: Pool Only 

Get SALT Encoding   

  12  0:01  Drone  
  13  0:23  Spawning Pool  
  13  0:26  Drone  
  13  0:31  Drone  
  13  0:34  Extractor  
  13  0:38  Drone  
  14  0:47  Overlord  
  14  1:10  Zergling x6  
  17  1:14  Queen  
  19  1:21  Zergling x2  
  21  1:32  Zergling x2  
  21  1:34  Metabolic Boost  
  21  1:42  Zergling x2  
  22  1:56  Overlord  
  22  2:02  Baneling Nest  
  19  2:22  Spine Crawler  
  19  2:24  Zergling x2  
  19  2:28  Spine Crawler  
  17  2:33  Zergling x2  
  18  2:45  Zergling x4  
  17  3:13  Zergling x6  
  18  3:27  Overlord  
  18  3:28  Zergling x2  
  19  3:45  Overlord  
  19  3:47  Zergling x2  
  16  4:08  Zergling x6  
  17  4:22  Drone  
  17  4:59  Zergling x12  
  13  5:40  Zergling x8  
  17  5:48  Drone x2  
  17  5:49  Drone  
  17  6:20  Spine Crawler  
  16  6:31  Queen  
  16  6:32  Zergling x4  
  20  6:33  Zergling x2  
  15  6:49  Zergling x2  
  13  7:05  Zergling x2  
  14  7:09  Roach Warren  
  14  7:11  Zergling x2  
  14  7:15  Extractor  
  13  7:19  Zergling x2  
  11  7:58  Roach x3  
  17  8:10  Drone  
  17  8:36  Drone  
Show
View Real Time Build Order
Export as new Build Order

LeXioN Terran - Winner!

Build Orders:  

Get SALT Encoding   

  13  0:09  SCV  
  13  0:15  Supply Depot  
  13  0:39  Barracks  
  13  0:42  Refinery  
  13  0:54  Barracks  
  13  0:58  SCV  
  14  1:26  Reaper  
  14  1:27  Barracks  
  16  1:36  Refinery  
  15  1:43  Reaper  
  16  1:56  SCV  
  17  2:04  Reaper  
  17  2:08  SCV  
  18  2:19  Reaper  
  18  2:20  SCV  
  14  2:41  SCV  
  15  3:05  Reaper  
  13  3:14  Reaper  
  14  3:27  SCV  
  15  3:34  Supply Depot  
  15  3:56  SCV  
  16  4:07  Reaper  
  16  4:08  SCV  
  18  4:10  Reaper  
  19  4:20  SCV  
  20  4:30  Reaper  
  22  4:39  Reaper  
  22  4:44  Supply Depot  
  22  4:47  SCV  
  23  5:05  SCV  
  24  5:08  Reaper  
  24  5:10  Reaper  
  16  5:17  SCV  
  15  6:06  SCV  
  16  6:18  SCV  
  17  6:30  SCV  
  18  6:49  SCV  
  19  7:05  Orbital Command  
  19  7:11  Reaper  
  20  7:28  Reaper  
  20  7:36  SCV  
  21  7:50  SCV  
  22  8:02  SCV  
  21  8:10  Reaper x3  
  24  8:14  SCV  
  25  8:26  SCV  
Tags
 
Add a new tag
Caveats
  • Supply blocks, unpowered buildings, or Contaminate may cause inaccurate times.
  • Supply counts are checked every 10 seconds.